 Dungeon Crawl Stone Soup version 0.19-a0-1007-g133f65f (webtiles) character file.

2854472 Gruud the Rhythm of Life and Death (level 27, 231/231 HPs)
             Began as a Demonspawn Gladiator on July 16, 2016.
             Was a Follower of Uskayaw.
             Escaped with the Orb
             ... and 4 runes on July 19, 2016!
             The game lasted 06:18:44 (53411 turns).

Gruud the Rhythm of Life and Death (DsGl)          Turns: 53411, Time: 06:18:45

Health: 231/231    AC: 38    Str: 17    XL:     27
Magic:  41/44      EV: 23    Int: 14    God:    Uskayaw [*.....]
Gold:   2388       SH: 12    Dex: 23    Spells: 10 memorised, 15 levels left

rFire  + + +     SeeInvis +     a - +9 quick blade (freeze)
rCold  + + .     Gourm    .     G - +8 ice dragon armour
rNeg   . . .     Faith    +     z - +3 warlock's mirror {reflect}
rPois  .         Spirit   .     c - +3 crown of Dyrovepreva {rElec Int+2 SInv}
rElec  +         Dismiss  .     W - +2 cloak of the Thief {+Fog Slay-2 SInv Stlth+}
rCorr  .         Reflect  +     s - +2 pair of gloves
SustAt .         Harm     .     (boots unavailable)
MR     +++..                    X - amulet of faith
Stlth  ++........               J - ring "Forr" {rElec rF++ MR+ AC+4}
                                Q - +6 ring of slaying

@: repel missiles, extremely resistant to hostile enchantments, unstealthy
A: hooves 3, agile 1, blink, blurry vision 1, deterioration 1, dopey 1, fire
resistance 2, hurl damnation, high mp 1, powered by pain 3, electricity
resistance, spiny 3, wild magic 1, flame cloud immunity, sanguine armour 3
a: Damnation, Blink, Stomp, Renounce Religion, Evoke Fog
0: Orb of Zot
}: 4/15 runes: decaying, slimy, silver, gossamer


You escaped.
You worshipped Uskayaw.
Uskayaw was exalted by your worship.
You were not hungry.

You visited 12 branches of the dungeon, and saw 58 of its levels.
You visited the Abyss 1 time.
You also visited: Ice Cave and Wizlab.

You collected 8326 gold pieces.
You spent 5938 gold pieces at shops.

Inventory:

Hand Weapons
 a - a +9 quick blade of freezing (weapon)
 b - a +9 quick blade of flaming
Armour
 c - the +3 crown of Dyrovepreva (worn) {rElec Int+2 SInv}
   (You found it on level 5 of the Vaults)

   It affects your intelligence (+2).
   It insulates you from electricity.
   It lets you see invisible.
 o - a +2 pair of gloves
 s - a +2 pair of gloves (worn)
 z - the +3 warlock's mirror (worn) {reflect}
   (You acquired it on level 2 of the Swamp)
 G - a +8 ice dragon armour (worn)
 O - a quicksilver dragon armour
 S - the +1 cloak "Gucweb" {rF+}
   (You bought it in a shop on level 2 of the Orcish Mines)

   It protects you from fire.
 W - the +2 cloak of the Thief (worn) {+Fog Slay-2 SInv Stlth+}
   (You found it on level 3 of the Elven Halls)

   It affects your accuracy and damage with ranged weapons and melee attacks
   (-2).
   It lets you see invisible.
   It can be evoked to emit clouds of fog.
   It makes you more stealthy.
Jewellery
 m - the ring "Ishropeh" {rC+ rN+ Str+3 Slay+3}
   (You bought it in a shop on level 1 of the Vaults)

   [ring of strength]

   It affects your strength (+3).
   It affects your accuracy and damage with ranged weapons and melee attacks
   (+3).
   It protects you from cold.
   It protects you from negative energy.
 H - the ring of the Traitor {rCorr rN+}
   (You bought it in a shop on level 2 of the Orcish Mines)

   [ring of resist corrosion]

   It protects you from negative energy.
 J - the ring "Forr" (right hand) {rElec rF++ MR+ AC+4}
   (You found it on level 5 of the Pits of Slime)

   [ring of protection]

   It affects your AC (+4).
   It greatly protects you from fire.
   It insulates you from electricity.
   It affects your resistance to hostile enchantments.
 Q - a +6 ring of slaying (left hand)
 X - an amulet of faith (around neck)
Wands
 y - a wand of digging (4/24)
 B - a wand of disintegration (13/24)
 D - a wand of digging (8/24)
 V - a wand of heal wounds (5/9)
Scrolls
 e - 14 scrolls of remove curse
 q - 19 scrolls of teleportation
 r - 9 scrolls of recharging
 u - 3 scrolls of summoning
 w - 6 scrolls of fog
 F - a scroll of silence
 I - 8 scrolls of magic mapping
 K - 20 scrolls of identify
 Y - 8 scrolls of blinking
Potions
 d - 9 potions of haste
 n - 19 potions of curing
 t - 2 potions of magic
 v - 11 potions of agility
 A - 5 potions of berserk rage
 C - 11 potions of cancellation
 E - 2 potions of ambrosia
 L - 5 potions of invisibility
 N - 6 potions of mutation
 P - 9 potions of flight
 R - 3 potions of resistance
 T - 11 potions of heal wounds {!q}
 U - 3 potions of cure mutation
 Z - 10 potions of might
Books
 j - a book of Enchantments

   Spells                             Type                      Level
   a - Cause Fear                     Hexes                        4
   b - Yara's Violent Unravelling     Hexes/Transmutation          5
   c - Silence                        Hexes/Air                    5
   d - Deflect Missiles               Charms/Air                   6
   e - Haste                          Charms                       6
   f - Discord                        Hexes                        8
 x - an Akashic Record

   Spells                             Type                      Level
   a - Dispersal                      Translocation                6
   b - Malign Gateway                 Summoning/Translocation      7
   c - Disjunction                    Translocation                8
   d - Controlled Blink               Translocation                8
Miscellaneous
 g - a phial of floods
 i - a fan of gales
 M - 4 phantom mirrors
Comestibles
 f - 23 bread rations
 h - 51 fruits
 l - 11 royal jellies
 p - 23 meat rations


   Skills:
 + Level 22.2 Fighting
 - Level 13.5 Short Blades
 - Level 1.7 Throwing
 + Level 17.7 Armour
 + Level 16.5 Dodging
 - Level 13.7 Stealth
 - Level 14.1 Shields
 - Level 10.0 Spellcasting
 * Level 14.6 Charms
 - Level 9.9 Translocations
 O Level 27 Invocations
 - Level 10.6 Evocations


You had 15 spell levels left.
You knew the following spells:

 Your Spells              Type           Power        Failure   Level  Hunger
a - Passwall              Tmut/Erth      #.........   47%         2    None
b - Swiftness             Chrm/Air       #####...     3%          2    None
c - Passage of Golubria   Tloc           N/A          10%         4    ###....
d - Apportation           Tloc           #####.....   1%          1    None
e - Silence               Hex/Air        #.........   100%        5    #####..
f - Summon Butterflies    Summ           #.......     36%         1    None
g - Repel Missiles        Chrm/Air       #####.       3%          2    None
h - Regeneration          Chrm/Necr      #####.....   8%          3    #......
i - Haste                 Chrm           ######..     17%         6    ######.
j - Aura of Abjuration    Summ           #.........   100%        5    #####..


Dungeon Overview and Level Annotations

Branches:
Dungeon (15/15)            Temple (1/1) D:7            Lair (6/6) D:9
  Swamp (4/4) Lair:4       Spider (4/4) Lair:4        Slime (5/5) Lair:5
    Orc (2/2) D:11            Elf (3/3) Orc:2        Vaults (5/5) D:13
  Crypt (3/3) Vaults:3       Tomb (0/3) Crypt:3      Depths (5/5) D:15
    Zot (5/5) Depths:5

Altars:
Ashenzari
Cheibriados
Dithmenos
Elyvilon
Fedhas
Gozag
Hepliaklqana
Kikubaaqudgha
Makhleb
Nemelex Xobeh
Okawaru
Pakellas
Qazlal
Ru
Sif Muna
Trog
Uskayaw
Vehumet
Xom
Yredelemnul
Zin
The Shining One
Jiyva

Shops:
D:5 [   D:14 (   Orc:2 =***   Elf:1 !   Elf:2 ?   Vaults:1 *   Vaults:3 %
Vaults:5 *   Depths:2 *   Depths:4 !**

Portals:
Hell: Depths:1 Depths:2 Depths:3 Depths:4
Abyss: Depths:1 Depths:2 Depths:4
Pandemonium: Depths:3
Ziggurat: Depths:4
Trove: D:15 (give 12 potions of heal wounds)

Annotations:
D:13 1 runed door, exclusion: obsidian statue
Elf:2 3 runed doors


Innate Abilities, Weirdness & Mutations

You have hooves in place of feet.
Your flesh is very heat resistant. (rF++)
You can hurl damnation.
You are powered by pain.
You are completely covered in sharp spines.
You are immune to clouds of flame.
When seriously injured, your bleeding wounds create very thick armour. (AC +0)
You are agile. (Dex +2)
You can translocate small distances at will.
Scrolls take you a little longer to read.
Your body sometimes deteriorates upon taking damage.
You are dopey. (Int -2)
You have an increased reservoir of magic. (+10% MP)
You are resistant to electric shocks. (rElec)
Your spells are a little harder to cast, but a little more powerful.


Message History

There is a passage of Golubria here.
You enter the passage of Golubria.
Evoke which item? (* to show all) (? for menu, Esc to quit)
Zapping:
y - a wand of digging (5/24)
Press: ? - help, Shift-Dir - straight line The rock shatters into small pieces.
This wand has 4 charges left.
Sijal opens the door.
You see here a stone.
A small abomination comes into view.
An orange demon comes into view.
Casting: Passage of Golubria
Confirm with . or Enter, or press ? or * to list all spells.
Aiming: Passage of Golubria
Press: ? - help, Dir - move target cursor An orange demon comes into view.
You enter the passage of Golubria.
There is a passage of Golubria here.
You enter the passage of Golubria.
There is a staircase leading out of the dungeon here.
You have escaped!

#.#..##..##.###.#....#
#..(.....##.##....##.#
######...##.##'#####.#
######.##(## #.#
###.#...# #.#
##.###(.(####.#
#...#((.((#...# ##
#^..#((..(#.#.# ##.
#.@(&x(8((#...###..
#...#(..(.#.#.##...
#...#.(..(....4....
##.###.((##.####...
### #.x(##.# ##..
##.###.# ##. #'# #.#
#. #.. #.######. #.#
#........


You could see Sijal and a small abomination.

Vanquished Creatures
  the Royal Jelly (Slime:5)
  The ghost of heinrich the Sorcerer, a legendary HuWn of Hepliaklqana (Depths:5)
  4 orbs of fire
  A juggernaut (Depths:2)
  A greater mummy (Crypt:3)
  9 ancient liches
  Bai Suzhen (Depths:2)
  9 caustic shrikes
  A curse toe (Zot:3)
  4 Killer Klowns
  Nikola (Depths:2)
  17 golden dragons
  the Enchantress (Depths:2)
  Arachne (Spider:3)
  An electric golem (Zot:5)
  17 tentacled monstrosities
  Rupert (D:15)
  19 Orb Guardians (Zot:5)
  6 deep elf master archers (Elf:3)
  4 quicksilver dragons
  2 deep elf blademasters (Elf:3)
  5 titans
  5 liches
  2 tentacled starspawn (Abyss:2)
  5 acid blobs (Slime:5)
  2 death cobs (Zot:1)
  2 ancient champions
  A thorn hunter (Swamp:4)
  4 sphinxes
  12 tengu reavers
  Donald (Spider:4)
  9 shadow dragons
  15 storm dragons
  Louise (Swamp:1)
  5 draconian monks
  13 fire giants
  An azure jelly (Slime:5)
  12 deep elf sorcerers
  8 draconian scorchers
  Aizul (Spider:3)
  20 frost giants
  5 ghost moths
  An orc warlord (Elf:1)
  2 draconian zealots
  A draconian knight (Zot:1)
  2 deep elf elementalists (Elf:3)
  9 vault wardens
  11 emperor scorpions
  A curse skull (Crypt:2)
  4 draconian shifters
  25 stone giants
  6 draconian annihilators
  A ghoul (Crypt:1)
  A reaper (Crypt:3)
  6 spriggan defenders
  3 war gargoyles
  19 ironheart preservers
  25 very ugly things
  4 draconian callers
  6 green draconians
  10 vampire knights
  10 black draconians
  6 red draconians
  6 entropy weavers
  A deep elf demonologist (Elf:3)
  Nessos (Lair:4)
  9 white draconians
  An orange crystal statue (WizLab)
  10 deep elf annihilators
  5 spark wasps
  7 purple draconians
  8 mottled draconians
  10 yellow draconians
  A dire elephant (Depths:3)
  A merfolk impaler (Depths:1)
  An eidolon (Crypt:1)
  7 ettins
  5 mummy priests (Crypt:3)
  3 deep elf death magi
  20 fire dragons
  18 ogre magi
  A death ooze (Slime:5)
  A jiangshi (Crypt:2)
  Josephine (D:13)
  17 yaktaur captains
  2 deep elf high priests
  20 ice dragons
  26 vault guards
  24 hydras
  15 great orbs of eyes
  7 rakshasas
  3 hell beasts
  A ghost crab (shapeshifter) (Vaults:1)
  10 centaur warriors
  5 spriggan air magi
  A quicksilver dragon skeleton (Crypt:1)
  4 catoblepae
  3 ghost crabs
  An anaconda (Depths:3)
  4 deep troll shamans
  6 alligators
  3 death knights
  18 dancing weapons
  4 orc high priests (Elf:1)
  2 tengu warriors
  14 death yaks
  A queen ant (Spider:3)
  5 vampire magi
  12 deep troll earth magi
  A thrashing horror (Elf:3)
  11 spriggan berserkers
  2 hell hogs (Depths:1)
  25 deep elf knights
  3 soul eaters
  20 skeletal warriors
  A titan skeleton (Crypt:2)
  7 hell knights
  3 shadow wraiths
  The ghost of 4thArraOfDagon the Summoner, a novice DgSu (D:10)
  A death drake (Abyss:2)
  A golden dragon zombie (Crypt:2)
  A storm dragon skeleton (Crypt:1)
  An iron giant skeleton (Crypt:3)
  4 spriggan druids
  6 flayed ghosts
  3 wizards
  2 spatial maelstroms (Abyss:2)
  7 unseen horrors (Depths:1)
  4 giant orange brains
  An entropy weaver zombie (Crypt:1)
  9 phantasmal warriors
  25 deep trolls
  4 shambling mangroves
  29 deep elf archers
  A torturous demonspawn (D:13)
  An orb spider (shapeshifter) (Vaults:3)
  7 swamp dragons
  7 harpies
  21 orc knights
  5 necromancers
  7 hill giants
  13 ironbrand convokers
  A lindwurm (Depths:3)
  63 deep elf magi
  3 orc sorcerers
  23 wolf spiders
  An obsidian statue (Vaults:2)
  10 hornets
  A frost giant zombie (Vaults:2)
  25 ugly things
  2 salamanders (shapeshifter)
  12 orb spiders
  10 griffons
  7 cyclopes
  23 moths of wrath
  An octopode (shapeshifter) (Vaults:5)
  A sixfirhy (Abyss:2)
  A tengu skeleton (Vaults:2)
  A worldbinder (Abyss:2)
  5 shining eyes
  A fire giant skeleton (Crypt:1)
  2 centaur zombies
  A rust devil (Abyss:2)
  A manticore (D:12)
  A black mamba (Lair:6)
  A water nymph (shapeshifter) (Vaults:5)
  Psyche (D:10)
  An ice statue (IceCv)
  13 vault sentinels
  2 large abominations (Abyss:2)
  2 smoke demons (Abyss:2)
  2 torpor snails
  An orange demon (Abyss:2)
  22 spiny frogs
  An eye of devastation (Slime:5)
  A shock serpent skeleton (Crypt:1)
  A yaktaur zombie (Vaults:2)
  5 rime drakes
  7 demonic crawlers
  2 human zombies (Vaults:2)
  A yaktaur (shapeshifter) (Depths:1)
  An efreet (Abyss:2)
  53 yaktaurs
  An ancient zyme (Abyss:2)
  13 komodo dragons
  A yellow draconian zombie (Crypt:3)
  A yaktaur skeleton (Vaults:3)
  14 trolls
  A hydra zombie (Crypt:3)
  33 guardian mummies (Crypt:3)
  A queen bee (shapeshifter) (Vaults:4)
  An iron troll skeleton (Crypt:2)
  A meliai (shapeshifter) (Depths:3)
  15 freezing wraiths
  6 tengu conjurers
  A queen bee (Lair:3)
  27 two-headed ogres
  28 jumping spiders
  25 polar bears
  56 slime creatures
  A raiju (shapeshifter) (Depths:4)
  A wind drake (shapeshifter) (Vaults:2)
  6 giant leeches
  A harpy skeleton (Abyss:2)
  10 boulder beetles
  16 bog bodies
  A raiju (Abyss:2)
  20 blink frogs
  11 ushabtiu (Crypt:3)
  A frost giant simulacrum (Vaults:2)
  3 flying skulls (Abyss:2)
  A griffon skeleton (Crypt:2)
  A stone giant simulacrum (Vaults:3)
  A jumping spider zombie (Crypt:2)
  23 spriggans
  6 air elementals
  28 tarantellas
  56 redbacks
  A tarantella (shapeshifter) (Elf:1)
  2 wyverns
  13 water elementals
  60 yaks
  4 shadows
  A ynoxinul (Abyss:2)
  2 alligator skeletons
  12 wraiths
  3 fire elementals
  2 hungry ghosts
  A neqoxec (Abyss:2)
  A basilisk (Lair:6)
  5 hippogriffs
  A hog (shapeshifter) (Vaults:4)
  A hippogriff (shapeshifter) (Elf:3)
  A steam dragon (D:12)
  20 vampire mosquitoes
  26 swamp worms
  A yaktaur simulacrum (Vaults:2)
  A spatial vortex (Abyss:2)
  An infernal demonspawn zombie (Crypt:2)
  5 wargs
  25 insubstantial wisps
  A mottled dragon (Vaults:1)
  Menkaure (D:6)
  8 soldier ants (Spider:3)
  10 water moccasins
  Duvessa (D:6)
  A giant eyeball (Depths:3)
  10 hell hounds
  9 porcupines
  A snapping turtle zombie (Crypt:3)
  11 swamp drakes
  49 orc warriors
  2 eyes of draining
  25 wasps
  A swamp dragon zombie (Crypt:1)
  11 ice beasts
  3 black bears
  5 sky beasts
  An ettin simulacrum (Vaults:2)
  2 necrophages (Crypt:1)
  2 phantoms
  7 boggarts
  70 ogres
  24 wolves
  13 centaurs
  3 small abominations (Abyss:2)
  14 crocodiles
  A lindwurm zombie (Crypt:1)
  The ghost of 4thArraOfDagon the Caller, an amateur DsSu (D:4)
  A big kobold (shapeshifter) (Depths:2)
  2 elf zombies
  Blork the orc (D:6)
  4 big kobolds
  23 giant frogs
  A komodo dragon skeleton (Crypt:1)
  A wyvern zombie (D:11)
  3 earth elementals
  An ogre simulacrum (Vaults:1)
  6 scorpions
  A water moccasin skeleton (D:6)
  Dowan (D:6)
  2 troll zombies (D:11)
  37 killer bees
  14 wights
  9 electric eels
  2 howler monkeys
  10 crimson imps
  A wasp zombie (D:10)
  A wyvern simulacrum (D:12)
  2 giant frog zombies
  A soldier ant zombie (Crypt:1)
  A giant frog skeleton (D:11)
  36 orc priests
  4 centaur skeletons
  A gnoll shaman (Orc:2)
  6 hounds
  27 orc wizards
  2 two-headed ogre skeletons
  3 jellies
  6 iguanas
  34 worker ants
  10 sheep
  A big kobold zombie (Crypt:3)
  A giant frog simulacrum (D:12)
  6 ogre zombies (D:11)
  2 centaur simulacra (D:12)
  2 hound zombies
  A hound skeleton (D:5)
  8 mummies (Crypt:3)
  2 worker ant zombies
  4 gnolls (Orc:2)
  A howler monkey skeleton (D:5)
  15 adders
  30 river rats
  5 shadow imps
  4 white imps (D:12)
  2 ufetubi
  A lava snake zombie (Crypt:1)
  2 oozes
  An iguana skeleton (Crypt:3)
  3 adder skeletons
  2 adder zombies
  4 worms
  A dart slug (D:5)
  8 giant geckos
  121 orcs
  2 bat skeletons (Crypt:3)
  5 giant cockroaches
  9 goblins
  8 hobgoblins
  13 jackals
  4 quokkas
  A ball python (D:3)
  3 bats
  2 giant newts
  2 goblin skeletons (D:11)
  A goblin zombie (D:11)
  A jackal skeleton (D:4)
  9 kobolds
  A kobold skeleton (Crypt:3)
  2 orc skeletons (D:11)
  20 orc zombies (D:11)
  A quokka skeleton (D:8)
  3 rats
  A briar patch (Swamp:4)
  3 plants (Lair:5)
  3 starspawn tentacles (Abyss:2)
2719 creatures vanquished.

Vanquished Creatures (others)
  A Killer Klown (Zot:5)
  A ghost moth (Zot:5)
  A swamp dragon (Swamp:4)
  A phantasmal warrior (Vaults:1)
  An anubis guard (shapeshifter) (Vaults:5)
  A yaktaur (Vaults:5)
  A demonic crawler (Spider:1)
  A bog body (Swamp:4)
  A hippogriff (D:11)
  An ogre (Vaults:4)
  2 wolves (IceCv)
  A crocodile (D:11)
  An orc wizard (D:14)
  A demonic plant (Abyss:2)
  3 fungi (Depths:3)
  13 plants
  2 starspawn tentacles (Abyss:2)
  53 starspawn tentacle segments (Abyss:2)
86 creatures vanquished.

Grand Total: 2805 creatures vanquished

Notes
Turn   | Place    | Note
-------+----------+-------------------------------------------
     0 | D:1      | Gruud the Demonspawn Gladiator began the quest for the Orb.
     0 | D:1      | Reached XP level 1. HP: 16/16 MP: 1/1
   554 | D:1      | Gained mutation: You have large cloven feet. [demonic ancestry]
   554 | D:1      | Reached XP level 2. HP: 22/22 MP: 2/2
   855 | D:3      | Gained mutation: You sometimes gain a little power by taking damage. [demonic ancestry]
   855 | D:3      | Reached XP level 3. HP: 22/27 MP: 3/3
  1398 | D:3      | Gained mutation: Your spells are a little harder to cast, but a little more powerful. [potion of beneficial mutation]
  1407 | D:3      | Found a sparkling altar of Nemelex Xobeh.
  1459 | D:3      | Gained mutation: You have hoof-like feet. [demonic ancestry]
  1459 | D:3      | Reached XP level 4. HP: 17/33 MP: 4/4
  1745 | D:3      | Reached skill level 5 in Short Blades
  1805 | D:3      | Gained mutation: When seriously injured, your bleeding wounds create armour. (AC +0) [demonic ancestry]
  1805 | D:3      | Reached XP level 5. HP: 9/38 MP: 5/5
  2324 | D:4      | Noticed 4thArraOfDagon's ghost (amateur DsSu)
  2642 | D:4      | Gained mutation: You are partially covered in sharp spines. [demonic ancestry]
  2642 | D:4      | Reached XP level 6. HP: 44/44 MP: 6/6
  2890 | D:4      | Killed 4thArraOfDagon's ghost
  3057 | D:5      | Entered Level 5 of the Dungeon
  3088 | D:5      | Reached XP level 7. HP: 50/50 MP: 5/7
  3116 | D:5      | Found Plog's Armour Boutique.
  3531 | D:6      | Noticed Duvessa
  3541 | D:5      | Reached XP level 8. HP: 56/56 MP: 6/8
  3573 | D:6      | Noticed Menkaure
  3601 | D:6      | Killed Menkaure
  3603 | D:6      | Noticed Dowan
  3608 | D:6      | Killed Dowan
  3645 | D:6      | Killed Duvessa
  3680 | D:6      | Reached skill level 10 in Short Blades
  4048 | D:6      | Noticed Blork the orc
  4066 | D:6      | Killed Blork the orc
  4239 | D:6      | Gained mutation: You have hooves in place of feet. [demonic ancestry]
  4239 | D:6      | Reached XP level 9. HP: 61/61 MP: 9/9
  4430 | D:7      | Found a staircase to the Ecumenical Temple.
  4473 | Temple   | Entered the Ecumenical Temple
  4626 | D:7      | Got a faintly glowing plate armour
  4640 | D:7      | Identified the +5 plate armour of Lucidity {*Drain rPois rC+++ Regen+} (You found it on level 7 of the Dungeon)
  4678 | D:7      | Learned a level 2 spell: Passwall
  4681 | D:7      | Learned a level 2 spell: Swiftness
  4686 | D:7      | Learned a level 4 spell: Passage of Golubria
  5131 | D:8      | Reached skill level 1 in Armour
  5566 | D:8      | Noticed a two-headed hydra
  5597 | D:8      | Killed a two-headed hydra
  5597 | D:8      | Reached skill level 5 in Fighting
  5607 | D:8      | Gained mutation: When seriously injured, your bleeding wounds create thick armour. (AC +0) [demonic ancestry]
  5607 | D:8      | Reached XP level 10. HP: 40/74 MP: 5/10
  5771 | D:8      | Reached skill level 5 in Armour
  5837 | D:8      | Found a glowing silver altar of Zin.
  5967 | D:8      | Found a glowing silver altar of Zin.
  6346 | D:8      | Got an ancient falchion
  6347 | D:8      | Identified the +7 falchion "Elo Haig" {speed, *Drain Str+5} (You found it on level 8 of the Dungeon)
  6530 | D:9      | Found a staircase to the Lair.
  6697 | D:9      | Learned a level 1 spell: Apportation
  6858 | D:9      | Found a hide-covered altar of Uskayaw.
  6861 | D:9      | Became a worshipper of Uskayaw the Reveler
  6914 | D:9      | Reached * piety under Uskayaw
  6934 | D:9      | Reached skill level 1 in Invocations
  7337 | D:10     | Entered Level 10 of the Dungeon
  7370 | D:10     | Noticed 4thArraOfDagon's ghost (novice DgSu)
  7378 | D:10     | Reached ** piety under Uskayaw
  7381 | D:10     | Reached *** piety under Uskayaw
  7382 | D:10     | Killed 4thArraOfDagon's ghost
  7382 | D:10     | Reached skill level 3 in Invocations
  7384 | D:10     | Reached **** piety under Uskayaw
  7401 | D:10     | Reached skill level 4 in Invocations
  7484 | D:10     | Noticed a hill giant
  7497 | D:10     | Killed a hill giant
  7497 | D:10     | Reached skill level 5 in Invocations
  7570 | D:10     | Gained mutation: You are mostly covered in sharp spines. [demonic ancestry]
  7570 | D:10     | Reached XP level 11. HP: 86/86 MP: 13/15
  7654 | D:10     | Noticed Psyche
  7661 | D:10     | Killed Psyche
  7661 | D:10     | Reached skill level 6 in Invocations
  8043 | D:10     | Noticed a white ugly thing
  8059 | D:10     | Killed a white ugly thing
  8135 | D:10     | Reached skill level 7 in Invocations
  8471 | D:11     | Got a dazzling falchion
  8562 | D:11     | Found a staircase to the Orcish Mines.
  8566 | D:11     | Got an encrusted long sword
  8603 | D:11     | Reached ***** piety under Uskayaw
  8969 | D:11     | Found a stormy altar of Qazlal.
  9178 | D:12     | Reached skill level 8 in Invocations
  9237 | D:12     | Found a frozen archway.
  9263 | D:12     | Reached skill level 9 in Invocations
  9283 | D:12     | You fall through a shaft for 3 floors!
  9283 | D:15     | Entered Level 15 of the Dungeon
  9283 | D:15     | Noticed a seven-headed hydra
  9294 | D:15     | Killed a seven-headed hydra
  9347 | D:15     | Noticed a hill giant
  9354 | D:15     | Killed a hill giant
  9497 | D:15     | Noticed a brown ugly thing
  9497 | D:15     | Noticed a brown ugly thing
  9497 | D:15     | Noticed a brown ugly thing
  9497 | D:15     | Noticed a brown ugly thing
  9510 | D:15     | Killed a brown ugly thing
  9510 | D:15     | Reached skill level 10 in Invocations
  9515 | D:15     | Killed a brown ugly thing
  9523 | D:15     | Killed a green ugly thing
  9523 | D:15     | Reached skill level 1 in Shields
  9528 | D:15     | Killed a green ugly thing
  9559 | D:15     | Reached XP level 12. HP: 93/96 MP: 19/19
  9565 | D:15     | Found a portal to a secret trove of treasure.
  9725 | D:14     | Reached skill level 11 in Invocations
  9735 | D:14     | Noticed a tengu warrior
  9761 | IceCv    | Entered an ice cave
  9835 | IceCv    | Got a coiled jade ring
  9837 | IceCv    | Identified the ring "Siwefruogh" {*Corrode rC+ Str+3 Int+6 Stlth+} (You found it in an ice cave)
  9951 | IceCv    | Noticed a death yak
  9963 | IceCv    | Killed a death yak
  9963 | IceCv    | Reached skill level 12 in Invocations
  9965 | IceCv    | Reached skill level 10 in Fighting
 10141 | IceCv    | Noticed a frost giant
 10164 | IceCv    | Killed a frost giant
 10164 | IceCv    | Reached skill level 13 in Invocations
 10250 | D:12     | Identified the +8 long sword "Vapoam" {flame, rElec rN++ Str-3 Int+4} (You found it on level 11 of the Dungeon)
 10251 | D:12     | Identified the +12 falchion of Gecy {slice, rPois Str-3 Int+3} (You found it on level 11 of the Dungeon)
 10257 | D:12     | Noticed a four-headed hydra
 10266 | D:12     | Killed a one-headed hydra
 10296 | D:12     | Reached XP level 13. HP: 78/104 MP: 23/23
 10508 | D:12     | Identified a scroll of acquirement
 10877 | D:13     | Reached skill level 14 in Invocations
 10890 | D:13     | Noticed Josephine
 10904 | D:13     | Killed Josephine
 10914 | D:13     | Reached skill level 5 in Shields
 11061 | D:13     | Found a gate to the Vaults.
 11103 | D:13     | Found a runed door.
 11116 | D:13     | Found a runed door.
 11126 | D:13     | Found a runed door.
 11210 | D:13     | Found a runed door.
 11850 | Lair:1   | Entered Level 1 of the Lair of Beasts
 12254 | Lair:1   | Reached skill level 10 in Armour
 12355 | Lair:1   | Reached skill level 15 in Invocations
 12779 | Lair:2   | Gained mutation: Your spells are harder to cast, but more powerful. [potion of beneficial mutation]
 12780 | Lair:2   | Gained mutation: You can translocate small distances at will. [potion of beneficial mutation]
 13390 | Lair:2   | Reached XP level 14. HP: 111/113 MP: 25/25
 13721 | Lair:3   | Gained mutation: You have an increased reservoir of magic. (+10% MP) [potion of beneficial mutation]
 13874 | Lair:3   | Reached skill level 1 in Stealth
 14276 | Lair:4   | Found a hole to the Spider Nest.
 14340 | Lair:4   | Found a staircase to the Swamp.
 14354 | Lair:4   | Noticed Nessos
 14383 | Lair:4   | Killed Nessos
 14762 | Lair:4   | Reached skill level 16 in Invocations
 15688 | Lair:5   | Found a staircase to the Slime Pits.
 15688 | Lair:5   | Found a viscous altar of Jiyva.
 16688 | Lair:6   | Entered Level 6 of the Lair of Beasts
 17287 | Lair:6   | Reached skill level 17 in Invocations
 17464 | Lair:6   | Reached skill level 5 in Stealth
 17466 | Lair:6   | Gained mutation: When seriously injured, your bleeding wounds create very thick armour. (AC +0) [demonic ancestry]
 17466 | Lair:6   | Reached XP level 15. HP: 120/120 MP: 30/30
 17937 | Spider:1 | Entered Level 1 of the Spider Nest
 18069 | Spider:1 | Reached ****** piety under Uskayaw
 18186 | Spider:1 | Reached skill level 18 in Invocations
 18296 | Spider:1 | Killed a ghost moth
 19120 | Spider:4 | Entered Level 4 of the Spider Nest
 19154 | Spider:3 | Noticed Arachne
 19183 | Spider:3 | Killed Arachne
 19210 | Spider:3 | Reached skill level 19 in Invocations
 19379 | Spider:3 | Learned a level 5 spell: Silence
 19520 | Spider:3 | Reached XP level 16. HP: 122/130 MP: 32/32
 19626 | Spider:3 | Noticed Aizul
 19664 | Spider:3 | Killed Aizul
 20155 | Spider:4 | Reached skill level 20 in Invocations
 20349 | Spider:4 | Noticed Donald
 20393 | Spider:4 | Killed Donald
 20499 | Spider:4 | Reached skill level 10 in Shields
 20723 | Spider:4 | Got a gossamer rune of Zot
 20947 | Swamp:1  | Entered Level 1 of the Swamp
 21234 | Swamp:1  | Noticed Louise
 21247 | Swamp:1  | Killed Louise
 21503 | Swamp:1  | Gained mutation: Your flesh is heat resistant. (rF+) [demonic ancestry]
 21503 | Swamp:1  | Reached XP level 17. HP: 118/138 MP: 34/34
 21504 | Swamp:1  | Hellfire? That might be really nice with uskay
 22118 | Swamp:2  | Reached skill level 21 in Invocations
 22408 | Swamp:4  | Entered Level 4 of the Swamp
 23643 | Swamp:4  | Got a decaying rune of Zot
 23852 | Swamp:4  | Reached skill level 10 in Stealth
 24259 | Orc:1    | Entered Level 1 of the Orcish Mines
 24405 | Orc:2    | Entered Level 2 of the Orcish Mines
 24534 | Orc:2    | Found Duiz's Assorted Antiques.
 24610 | Orc:2    | Found Kuubav's General Store.
 24615 | Orc:2    | Found Jiduh's Assorted Antiques.
 24626 | Orc:2    | Found Lejeiri's Jewellery Shop.
 24733 | Orc:2    | Bought a transparent cloak for 237 gold pieces
 24745 | Orc:2    | Identified the +1 cloak "Gucweb" {rF+} (You bought it in a shop on level 2 of the Orcish Mines)
 24751 | Orc:2    | Bought a bound bronze ring for 125 gold pieces
 24751 | Orc:2    | Bought a scroll of remove curse for 75 gold pieces
 24751 | Orc:2    | Identified the ring of the Traitor {rCorr rN+} (You bought it in a shop on level 2 of the Orcish Mines)
 24759 | Orc:2    | Bought a potion of heal wounds for 55 gold pieces
 25004 | Orc:2    | Found a staircase to the Elven Halls.
 25565 | Elf:1    | Entered Level 1 of the Elven Halls
 25584 | Elf:1    | Reached XP level 18. HP: 134/146 MP: 36/36
 25586 | Elf:1    | Reached skill level 22 in Invocations
 26015 | Elf:1    | Found Fyfe Ucw's Distillery.
 26024 | Elf:1    | Bought a potion of heal wounds for 90 gold pieces
 26024 | Elf:1    | Bought a potion of resistance for 180 gold pieces
 26024 | Elf:1    | Bought a potion of resistance for 180 gold pieces
 26024 | Elf:1    | Bought a potion of heal wounds for 90 gold pieces
 26024 | Elf:1    | Bought a potion of curing for 54 gold pieces
 26024 | Elf:1    | Bought a potion of might for 72 gold pieces
 26024 | Elf:1    | Bought a potion of ambrosia for 144 gold pieces
 26024 | Elf:1    | Bought a potion of curing for 54 gold pieces
 26024 | Elf:1    | Bought 2 potions of flight for 108 gold pieces
 26767 | Elf:2    | Found a runed gate.
 26768 | Elf:2    | Found a runed gate.
 26769 | Elf:2    | Found a runed gate.
 26856 | Elf:3    | Entered Level 3 of the Elven Halls
 26889 | Elf:2    | Identified the +0 robe "Jaac" {rPois} (You found it on level 2 of the Elven Halls)
 26991 | Elf:2    | Found Quyckeeg's Magic Scroll Shop.
 26994 | Elf:2    | Bought a scroll of remove curse for 42 gold pieces
 26994 | Elf:2    | Bought a scroll of brand weapon for 280 gold pieces
 26994 | Elf:2    | Bought a scroll of recharging for 133 gold pieces
 26994 | Elf:2    | Bought a scroll of magic mapping for 49 gold pieces
 26994 | Elf:2    | Bought a scroll of remove curse for 42 gold pieces
 26994 | Elf:2    | Bought a scroll of fog for 28 gold pieces
 26994 | Elf:2    | Bought a scroll of teleportation for 42 gold pieces
 27802 | Elf:3    | Reached skill level 23 in Invocations
 27811 | Elf:3    | Cast into level 2 of the Abyss (a deep elf sorcerer)
 27811 | Abyss:2  | Found a corrupted altar of Lugonu.
 28018 | Abyss:2  | Reached XP level 19. HP: 152/152 MP: 28/37
 28056 | Abyss:2  | Noticed a Brimstone Fiend
 28247 | Abyss:2  | Learned a level 1 spell: Summon Butterflies
 28334 | Elf:3    | Escaped the Abyss
 28584 | Elf:3    | Identified Sif Muna's Tome of Twisted Summoning (You found it on level 3 of the Elven Halls)
 28625 | Elf:3    | Identified the Almanac of Flames and Venom (You found it on level 3 of the Elven Halls)
 28933 | Elf:3    | Identified Sif Muna's Papyrus of Summoning (You found it on level 3 of the Elven Halls)
 28968 | Elf:3    | Identified the Collected Works on Lightness (You found it on level 3 of the Elven Halls)
 28972 | Elf:3    | Learned a level 2 spell: Repel Missiles
 28984 | Elf:3    | Got a heavily runed cloak
 28995 | Elf:3    | Identified the +0 cloak of Catatonia {Regen+} (You found it on level 3 of the Elven Halls)
 29131 | Elf:3    | Reached skill level 1 in Evocations
 29350 | Orc:2    | Bought a scroll of enchant armour for 187 gold pieces
 29358 | Orc:2    | Bought a scroll of enchant armour for 187 gold pieces
 29358 | Orc:2    | Bought 2 potions of agility for 200 gold pieces
 29358 | Orc:2    | Bought a scroll of identify for 50 gold pieces
 29358 | Orc:2    | Bought a silver wand for 100 gold pieces
 29491 | Vaults:1 | Entered Level 1 of the Vaults
 29851 | Vaults:1 | Reached skill level 5 in Dodging
 29879 | Vaults:1 | Found Anukuado's Assorted Antiques.
 29882 | Vaults:1 | Bought a smoking pewter ring for 185 gold pieces
 29884 | Vaults:1 | Identified the ring "Ishropeh" {rC+ rN+ Str+3 Slay+3} (You bought it in a shop on level 1 of the Vaults)
 30130 | Vaults:1 | Reached skill level 24 in Invocations
 30135 | Vaults:1 | Reached XP level 20. HP: 145/160 MP: 17/39
 31659 | Vaults:2 | Reached skill level 15 in Fighting
 32186 | Vaults:2 | Reached skill level 5 in Evocations
 32711 | Vaults:3 | Found a staircase to the Crypt.
 32816 | Vaults:3 | Found Wourit's Food Boutique.
 33934 | Vaults:4 | Reached skill level 25 in Invocations
 34463 | Vaults:4 | Gained mutation: You sometimes gain power by taking damage. [demonic ancestry]
 34463 | Vaults:4 | Reached XP level 21. HP: 159/169 MP: 41/41
 34978 | Vaults:5 | Entered Level 5 of the Vaults
 35087 | Vaults:5 | Noticed an ancient lich
 35105 | Vaults:5 | Killed an ancient lich
 35295 | Vaults:5 | Found Poaruu's Assorted Antiques.
 35341 | Vaults:5 | Identified the Papyrus of Glory
 35373 | Vaults:5 | Bought a potion of cancellation for 200 gold pieces
 35517 | Vaults:5 | Reached skill level 26 in Invocations
 35589 | Vaults:5 | Noticed a golden dragon
 35626 | Vaults:5 | Killed a golden dragon
 35632 | Vaults:5 | Identified the ring "Laku Xeh" {Str+4 Int+4} (You found it on level 5 of the Vaults)
 35657 | Vaults:5 | Gained mutation: You are immune to clouds of flame. [demonic ancestry]
 35657 | Vaults:5 | Reached XP level 22. HP: 174/178 MP: 42/42
 35672 | Vaults:5 | Identified the cursed +0 chain mail "Lutap" {Regen+ Str+3} (You found it on level 5 of the Vaults)
 35678 | Vaults:5 | Identified the Papyrus of Lightness and Black Rites (You found it on level 5 of the Vaults)
 35719 | Vaults:5 | Noticed an ancient lich
 35745 | Vaults:5 | Killed an ancient lich
 35931 | Vaults:5 | Got a silver rune of Zot
 35983 | Vaults:5 | Noticed a golden dragon
 35991 | Vaults:5 | Killed a golden dragon
 36002 | Vaults:5 | Noticed a golden dragon
 36012 | Vaults:5 | Killed a golden dragon
 36015 | Vaults:5 | Paralysed by an ogre mage for 6 turns
 36066 | Vaults:5 | Identified the ring of the Peasants {MP+9 Int+2} (You found it on level 5 of the Vaults)
 36354 | Vaults:5 | Identified the cursed +0 plate armour "Ytsiaxt" {rPois} (You took it off a vault warden on level 5 of the Vaults)
 36381 | Vaults:5 | Noticed an ancient lich
 36404 | Vaults:5 | Killed an ancient lich
 36523 | Vaults:5 | Identified the +4 ring mail "Sebreph" {Str+6} (You found it on level 5 of the Vaults)
 36886 | Crypt:1  | Entered Level 1 of the Crypt
 36991 | Crypt:2  | Reached skill level 10 in Dodging
 37035 | Crypt:2  | Found a magical portal.
 37038 | WizLab   | Entered Wucad Mu's Monastery
 37194 | WizLab   | Reached skill level 10 in Evocations
 37213 | WizLab   | Gained mutation: You are agile. (Dex +2) [potion of beneficial mutation]
 37366 | Crypt:2  | Gained mutation: You are powered by pain. [demonic ancestry]
 37366 | Crypt:2  | Reached XP level 23. HP: 183/186 MP: 44/44
 37556 | Crypt:1  | Reached skill level 27 in Invocations
 38253 | Crypt:3  | Entered Level 3 of the Crypt
 38658 | Crypt:2  | Learned a level 3 spell: Regeneration
 38706 | Crypt:2  | Gained mutation: You can hurl damnation. [demonic ancestry]
 38706 | Crypt:2  | Reached XP level 24. HP: 181/195 MP: 37/44
 39264 | Crypt:3  | Found a staircase to the Tomb.
 39679 | Crypt:3  | Noticed an ancient lich
 39694 | Crypt:3  | Killed an ancient lich
 39983 | Crypt:3  | Noticed a greater mummy
 39999 | Crypt:3  | Killed a greater mummy
 40304 | Crypt:3  | Identified the ring of Mefrixos {*Confuse rC+++ rN+ Int-4 SInv} (You took it off a guardian mummy on level 3 of the Crypt)
 40385 | Crypt:3  | Identified Sif Muna's Compendium of Transmigration
 40403 | Crypt:3  | Got a flickering silver ring
 40405 | Crypt:3  | Identified the ring of Soadgh {*Corrode rN+ Dex+3 Stlth+} (You found it on level 3 of the Crypt)
 41211 | Slime:1  | Entered Level 1 of the Pits of Slime
 41284 | Slime:3  | Reached skill level 1 in Charms
 41332 | Slime:5  | Entered Level 5 of the Pits of Slime
 41347 | Slime:5  | Gained mutation: Your body sometimes deteriorates upon taking damage. [a shining eye]
 41413 | Slime:5  | Noticed the Royal Jelly
 41414 | Slime:5  | Killed the Royal Jelly
 41472 | Slime:5  | Got a slimy rune of Zot
 41496 | Slime:5  | Got a twitching silver ring
 41588 | Slime:5  | Identified the ring "Tuicaa" {rPois Stlth+} (You found it on level 5 of the Pits of Slime)
 41603 | Slime:5  | Got a scintillating amber ring
 41604 | Slime:5  | Identified the ring of Zomecrah {rF- rN+ EV+1 Slay+5 Stlth+} (You found it on level 5 of the Pits of Slime)
 41637 | Slime:5  | Got a smoking tin ring
 41638 | Slime:5  | Identified the ring "Forr" {rElec rF++ MR+ AC+4} (You found it on level 5 of the Pits of Slime)
 41640 | Slime:5  | Identified the Handbook of Venom (You found it on level 5 of the Pits of Slime)
 42183 | Vaults:1 | Bought a blackened dagger for 259 gold pieces
 42183 | Vaults:1 | Bought a scroll of enchant armour for 277 gold pieces
 42183 | Vaults:1 | Bought a scroll of enchant armour for 277 gold pieces
 42183 | Vaults:1 | Bought 2 scrolls of identify for 148 gold pieces
 42183 | Vaults:1 | Identified the +4 dagger of Impeachment {pierce, +Fly rF- Str+3} (You bought it in a shop on level 1 of the Vaults)
 42573 | D:14     | Found Sesommy's Antique Weapon Shoppe.
 42918 | D:15     | Noticed Rupert
 42930 | D:15     | Killed Rupert
 43109 | D:15     | Found a staircase to the Depths.
 43544 | Depths:1 | Entered Level 1 of the Depths
 43585 | Depths:1 | Reached skill level 5 in Charms
 43921 | Depths:1 | Found a gateway to Hell.
 43970 | Depths:1 | Found a one-way gate to the infinite horrors of the Abyss.
 44300 | Depths:2 | Found Lilesoil's Demolitions Depot.
 44392 | Depths:2 | Noticed the Enchantress
 44401 | Depths:2 | Killed the Enchantress
 44401 | Depths:2 | Reached XP level 25. HP: 117/210 MP: 40/44
 44446 | Depths:2 | Got a faerie dragon armour
 44447 | Depths:2 | Identified the +3 faerie dragon armour {rPois} (You took it off the Enchantress on level 2 of the Depths)
 44565 | Depths:2 | Noticed Bai Suzhen
 44574 | Depths:2 | Killed Bai Suzhen
 44827 | Depths:2 | Noticed a juggernaut
 44848 | Depths:2 | Killed a juggernaut
 45006 | Depths:2 | Identified the +3 leather armour of the Griffon {rC+ MR- Int+4 Stlth+} (You took it off a tengu conjurer on level 2 of the Depths)
 45734 | Depths:2 | Reached skill level 10 in Charms
 45738 | Depths:2 | Noticed Nikola
 45747 | Depths:2 | Killed Nikola
 45945 | Depths:2 | Reached skill level 15 in Armour
 46217 | Depths:3 | Reached skill level 1 in Spellcasting
 46217 | Depths:3 | Gained mutation: You are completely covered in sharp spines. [demonic ancestry]
 46217 | Depths:3 | Reached XP level 26. HP: 222/222 MP: 44/44
 46445 | Depths:3 | Learned a level 6 spell: Haste
 47153 | Depths:3 | Found a one-way gate leading to the halls of Pandemonium.
 47400 | Depths:4 | Found Nolyv's General Store.
 47457 | Depths:4 | Found Gem Neni's Assorted Antiques.
 47465 | Depths:4 | Bought a scroll of brand weapon for 920 gold pieces
 47503 | Depths:4 | Found Derih's Distillery.
 47523 | Depths:4 | Bought a potion of heal wounds for 70 gold pieces
 47523 | Depths:4 | Bought a potion of beneficial mutation for 490 gold pieces
 47523 | Depths:4 | Bought a potion of haste for 140 gold pieces
 47523 | Depths:4 | Bought a potion of agility for 56 gold pieces
 47523 | Depths:4 | Bought a potion of agility for 56 gold pieces
 47523 | Depths:4 | Bought a potion of might for 56 gold pieces
 47523 | Depths:4 | Gained mutation: You are resistant to electric shocks. (rElec) [potion of beneficial mutation]
 47753 | Depths:4 | Found a gateway to a ziggurat.
 48194 | Depths:4 | Found a stormy altar of Qazlal.
 48277 | Depths:5 | Entered Level 5 of the Depths
 48489 | Depths:5 | Noticed heinrich's ghost (legendary HuWn)
 48729 | Depths:5 | Killed heinrich's ghost
 48729 | Depths:5 | Reached skill level 5 in Spellcasting
 48916 | Depths:5 | Upgraded the game from 0.19-a0-994-g3c636f0 to 0.19-a0-1007-g133f65f
 49087 | Depths:5 | Found a gate to the Realm of Zot.
 49213 | Depths:5 | Reached XP level 27. HP: 219/230 MP: 44/44
 49250 | Depths:5 | Reached skill level 1 in Translocations
 49399 | Zot:1    | Entered Level 1 of the Realm of Zot
 50065 | Zot:2    | Reached skill level 5 in Translocations
 50171 | Zot:2    | Reached skill level 15 in Dodging
 50283 | Zot:2    | Learned a level 5 spell: Aura of Abjuration
 50493 | Zot:3    | Noticed an orb of fire
 50499 | Zot:3    | Gained mutation: Scrolls take you a little longer to read. [an orb of fire]
 50518 | Zot:3    | Killed an orb of fire
 52050 | Zot:5    | Entered Level 5 of the Realm of Zot
 52330 | Zot:5    | Noticed an orb of fire
 52334 | Zot:5    | Noticed an ancient lich
 52338 | Zot:5    | Killed an orb of fire
 52401 | Zot:5    | Noticed an ancient lich
 52414 | Zot:5    | Killed an ancient lich
 52485 | Zot:5    | Killed an ancient lich
 52509 | Zot:5    | Noticed an ancient lich
 52517 | Zot:5    | Killed an ancient lich
 52527 | Zot:5    | Noticed an ancient lich
 52548 | Zot:5    | Killed an ancient lich
 52662 | Zot:5    | Reached skill level 10 in Spellcasting
 52708 | Zot:5    | Noticed an orb of fire
 52725 | Zot:5    | Lost mutation: Your spells are harder to cast, but more powerful. [an orb of fire]
 52727 | Zot:5    | Gained mutation: You are dopey. (Int -2) [an orb of fire]
 52745 | Zot:5    | Gained mutation: Your flesh is very heat resistant. (rF++) [an orb of fire]
 52749 | Zot:5    | Killed an orb of fire
 52751 | Zot:5    | Noticed an orb of fire
 52769 | Zot:5    | Killed an orb of fire
 52783 | Zot:5    | Noticed an ancient lich
 52794 | Zot:5    | Killed an ancient lich
 52860 | Zot:5    | Got the Orb of Zot
 52982 | Zot:1    | Noticed Ahaach Banipp the pandemonium lord
 53002 | Depths:5 | Noticed Gaaqoj the pandemonium lord
 53346 | D:3      | Noticed Wyxu the pandemonium lord
 53404 | D:1      | Noticed Sijal the pandemonium lord
 53411 | D:$      | Escaped with the Orb!

Vault maps used:
D:1:      minmay_arrival_shattered_statue, hangedman_abyss_or_decor_lesser_grid
D:2:      first_bread
D:3:      nemelex_diamond_rough_becter
D:5:      serial_shops, nicolae_shop_stone
D:6:      wad_river_or_something, uniq_blork_the_orc, uniq_duvessa,
          uniq_menkaure
D:8:      hangedman_ranch, nrook_loot_triangle, nrook_pool_corridor,
          hangedman_feature_mirror
D:9:      minmay_opposing_rooms, marbit_many_paths, david_lair_shrubbed,
          minmay_misc_feat_five
D:10:     uniq_psyche
D:11:     zombieorc2_lemuel, nicolae_qazlal_eye_of_the_storm
D:12:     special_room, serial_ice, serial_ice_b, serial_ice_m, serial_ice_k,
          serial_ice_o, serial_ice_g, portal_ice_cave_entry_ice_beasts
D:13:     david_vaults_5, minmay_statue_crystal_thing, uniq_josephine
D:14:     serial_bayou_ford_a, serial_shops, shop
D:15:     grunt_enter_depths_snipers, hangedman_decor_growths, enter_trove_2,
          uniq_rupert
Temple:   kilobyte_greek_temple
Lair:1:   beast_lair_carwin_6
Lair:2:   nicolae_quartered_pool_super, serial_bayou_lagoon_b
Lair:3:   special_room
Lair:4:   nicolae_swamp_entry_splash_gauntlet, dummy_spider_entry,
          beast_lair_carwin_3, serial_bayou_shore_b, serial_bayou_shore_a,
          uniq_nessos
Lair:5:   slime_altar_1, wad_woods_01, lemuel_fruit_tree, lemuel_fruit_fields,
          grunt_megastairs_5
Lair:6:   evilmike_catoblepas_cave, infiniplex_staircase_pool,
          grunt_megastairs_4, lemuel_fruit_fields
Swamp:1:  evilmike_swamp_ruin_house_5, swamp_pool5, uniq_louise
Swamp:2:  hangedman_swamp_lotus
Swamp:3:  evilmike_swamp_ruin_rubble_1, swamp_pool3
Swamp:4:  swamp_basic_johnstein
Spider:3: minmay_another_anthill, uniq_arachne, uniq_aizul
Spider:4: grunt_spider_rune_circles, uniq_donald
Slime:2:  cheibrodos_slime_lost_civilization_6
Slime:5:  uniq_dissolution
Orc:2:    st_orc_open
Elf:1:    special_room, serial_shops, nicolae_shop_window_shopping,
          minivault_28, item_on_display_a
Elf:2:    serial_shops, nicolae_shop_window_shopping
Elf:3:    minmay_elf_hall
Vaults:1: hangedman_vaults_slice, v_pattern_1, st_eye, hangedman_vaults_trim,
          ontoclasm_vaults_twist, dpeg_vaults_monster_box, v_misc_33,
          hangedman_vaults_stream, ontoclasm_vaults_ligature,
          nicolae_vaults_little_squares_5, nicolae_vaults_theta,
          nicolae_vaults_little_squares_3, vaults_room_pools,
          nicolae_vaults_rhombus_6, serial_shops, nicolae_shop_behind_doors
Vaults:2: v_misc_8, nicolae_vaults_network_square, nicolae_vaults_statue_guard,
          nicolae_vaults_yaktaur_gun_rack, nicolae_vaults_little_squares_3,
          v_pattern_5, nicolae_vaults_little_ls, nicolae_vaults_specimen_jars,
          vaults_mumra_hex, ontoclasm_vaults_fault, grunt_vaults_funnel
Vaults:3: v_misc_1, nicolae_vaults_little_squares_3,
          nicolae_vaults_big_angled_halls, hangedman_vaults_locks,
          nicolae_vaults_stairing_the_circle, minmay_crypt_entry_simple_corners,
          nicolae_vaults_windows_and_doors_thing, nicolae_vaults_shelves_hall,
          vaults_dpeg_encased_lava, hangedman_vaults_impose, vaults_room_pool,
          nicolae_vaults_mini_display_case, serial_ice_b, serial_shops, shop
Vaults:4: nicolae_vaults_network_quincunx, v_misc_9, v_misc_23,
          nicolae_vaults_big_angled_halls, vaults_room_glass_cross, v_rooms_4,
          vaults_standard_mumra_enter_the_diamond,
          vaults_mumra_minichess_inversion, vaults_room_fours,
          nicolae_vaults_rhombus_5
Crypt:2:  mu_enter_wizlab_7, lemuel_freeze_loot_1
Crypt:3:  due_elkab, tomb_entry_shell_bobbens
Depths:1: nicolae_benzene_ring, grunt_hell_horde, abyss_entry,
          serial_bayou_pond_d, hangedman_decor_push, due_unseen_surprise
Depths:2: grunt_twisty_corner, abyss_entry, hell_entry,
          minmay_misc_feat_enclosed, nicolae_blasting_shop,
          minmay_staircase_windowed_small, uniq_nikola, uniq_enchantress,
          uniq_bai_suzhen
Depths:3: hangedman_hanging_gardens, grunt_pan_entry_spiral,
          minmay_tree_intersection, hell_entry
Depths:4: regret_index_qazlal_generations, enter_ziggurat_c, serial_shops, shop,
          nicolae_shop_stone, shop, abyss_entry, hell_entry
Depths:5: grunt_zot_entry_pinwheel, roderic_three_in_a_row, hellmouth_1,
          serial_sigils_hangedman_snap, minmay_misc_feat_ornament
Zot:1:    st_large_dragon_hoard_1
Zot:2:    hangedman_zot_decor_scrapings, lemuel_flame_loot_1
Zot:3:    lemuel_baited_zot_trap, grunt_ministairs_11
Zot:4:    kennysheep_spiral_hall
Abyss:2:  hangedman_abyss_or_decor_stabs
IceCv:    ice_cave_caverns_03
WizLab:   wizlab_wucad

Skill      XL: |  1  2  3  4  5  6  7  8  9 10 11 12 13 14 15 16 17 18 19 20 21 22 23 24 25 26 27 |
---------------+----------------------------------------------------------------------------------+-----
Short Blades   | 3 4 5 6 7 9 11 12 13 | 13.5
Armour         | 4 6 8 9 10 11 12 13 14 15 17 | 17.7
Fighting       | 5 8 9 10 11 12 13 14 15 16 17 20 21 22 | 22.2
Invocations    | 5 10 13 15 17 19 20 21 23 24 25 26 27 | 27.0
Shields        | 1 4 6 7 9 10 12 13 14 | 14.1
Stealth        | 5 7 9 10 11 12 13 | 13.7
Dodging        | 3 5 7 8 10 12 13 14 16 | 16.5
Evocations     | 3 6 8 10 | 10.6
Charms         | 6 10 12 14 | 14.6
Spellcasting   | 1 5 10 | 10.0
Translocations | 9 |  9.9
Throwing       | |  1.7

Action                   |  1- 3 |  4- 6 |  7- 9 | 10-12 | 13-15 | 16-18 | 19-21 | 22-24 | 25-27 || total
-------------------------+-------+-------+-------+-------+-------+-------+-------+-------+-------++-------
Melee: Rapier            |    93 |    19 |    64 |       |       |       |       |       |       ||   176
       Kick              |    27 |    78 |   147 |   252 |   627 |   743 |   714 |   933 |  1146 ||  4667
       Dagger            |    32 |   174 |   327 |   109 |    56 |       |       |       |       ||   698
       Falchion          |       |       |       |   173 |     5 |       |       |       |       ||   178
       Short sword       |       |       |       |   365 |   176 |       |       |       |       ||   541
       Long sword        |       |       |       |     3 |     2 |       |       |       |       ||     5
       Quick blade       |       |       |       |       |  1314 |  1796 |  1481 |  1669 |  2160 ||  8420
Throw: Throwing net      |     4 |       |       |       |       |     1 |       |       |       ||     5
 Cast: Regeneration      |       |       |       |       |       |       |       |       |    38 ||    38
       Repel Missiles    |       |       |       |       |       |       |       |       |     4 ||     4
       Passage of Golubr |       |       |       |       |       |       |       |       |    15 ||    15
       Apportation       |       |       |       |       |       |       |       |       |     4 ||     4
Invok: Grand Finale      |       |       |       |     2 |     4 |     3 |     3 |     3 |     2 ||    17
       Stomp             |       |       |       |       |    17 |    20 |    27 |    58 |   120 ||   242
       Line Pass         |       |       |       |       |     5 |     6 |    14 |    10 |    34 ||    69
 Abil: Blink             |       |       |       |       |     1 |       |       |       |       ||     1
       Damnation         |       |       |       |       |       |       |       |     8 |     9 ||    17
       Evoke Fog         |       |       |       |       |       |       |       |     4 |     3 ||     7
Evoke: Wand              |       |       |     7 |     2 |     1 |    10 |     2 |     9 |    15 ||    46
  Use: Scroll            |     2 |     2 |    12 |     8 |    19 |    13 |     7 |    23 |    14 ||   100
       Potion            |     1 |       |       |     1 |     4 |     6 |     2 |     9 |     5 ||    28
 Stab: Held in net/web   |     2 |       |       |       |       |       |       |       |       ||     2
       Sleeping          |       |       |     1 |       |       |       |       |    24 |    26 ||    51
       Paralysed         |       |       |     5 |    34 |    91 |   120 |   136 |    73 |   124 ||   583
       Invisible         |       |       |       |     2 |       |     3 |     3 |       |       ||     8
       Confused          |       |       |       |       |     1 |     3 |     9 |    10 |    52 ||    75
       Petrifying        |       |       |       |       |     1 |       |       |       |       ||     1
       Distracted        |       |       |       |       |       |       |     1 |     6 |     4 ||    11
  Eat: Chunk             |     2 |     5 |    10 |    17 |    34 |    26 |    31 |    13 |    61 ||   199
       Beef jerky        |       |       |       |     1 |     2 |     3 |     4 |     1 |     3 ||    14
       Fruit             |       |       |       |       |     1 |       |       |       |       ||     1
       Pizza             |       |       |       |       |       |     3 |       |    11 |       ||    14
       Royal jelly       |       |       |       |       |       |       |       |     4 |       ||     4
       Bread ration      |       |       |       |       |       |       |       |     1 |     2 ||     3
Armor: Leather armour    |    37 |    20 |       |       |       |       |       |       |       ||    57
       Scale mail        |       |    25 |       |       |       |       |       |       |       ||    25
       Robe              |       |     8 |    50 |       |       |       |       |       |       ||    58
       Plate armour      |       |       |    58 |   353 |   599 |   552 |   294 |    64 |       ||  1920
       Quicksilver drago |       |       |       |       |       |       |       |   144 |       ||   144
       Ice dragon armour |       |       |       |       |       |       |       |    40 |   501 ||   541
Dodge: Dodged            |    76 |    75 |   112 |   137 |   151 |   203 |   148 |   309 |   726 ||  1937
       Deflected         |       |       |       |       |       |       |       |       |    10 ||    10
Block: Shield            |       |       |       |       |   422 |   222 |       |       |       ||   644
       Buckler           |       |       |       |       |       |   298 |   307 |   342 |   633 ||  1580
       Reflection        |       |       |       |       |       |    38 |    43 |    33 |    62 ||   176
